 Dungeon Crawl Stone Soup version 0.22-a0-246-gdc04c06 (webtiles) character file.

39 wolfsongas the Grappler (level 3, -2/25 HPs)
             Began as a Gnoll Wanderer on Feb 22, 2018.
             Slain by a hobgoblin
             ... wielding a +0 spear
             ... led by Robin
              (3 damage)
             ... on level 2 of the Dungeon.
             The game lasted 00:00:51 (1148 turns).

wolfsongas the Grappler (Gnoll Wanderer)            Turns: 1148, Time: 00:00:52

Health: -2/25      AC:  3    Str: 15 (18) XL:     3   Next: 47%
Magic:  7/7        EV: 11    Int:  9 (12) God:
Gold:   41         SH:  0    Dex: 10 (13) Spells: 7/7 levels left

rFire    . . .     SeeInvis .     - Unarmed
rCold    . . .     Gourm    .   (no shield)
rNeg     . . .     Faith    .   d - +1 robe
rPois    .         Spirit   .   (no helmet)
rElec    .         Reflect  .   (no cloak)
rCorr    .         Harm     .   (no gloves)
MR       .....                  (no boots)
Stlth    +.........             (no amulet)
HPRegen  0.08/turn              (no ring)
MPRegen  0.10/turn              (no ring)

@: confused
A: distributed training, fangs 1, strong nose
a: no special abilities


You were on level 2 of the Dungeon.
You were hungry.

You visited 1 branch of the dungeon, and saw 2 of its levels.

You collected 41 gold pieces.

Inventory:

Hand Weapons
 e - a +0 club
Armour
 d - a +1 robe (worn)
Scrolls
 c - 2 scrolls of teleportation
Comestibles
 a - a ration


   Skills:
 + Level 0.8 Fighting
 + Level 0.8 Short Blades
 + Level 0.8 Long Blades
 + Level 0.8 Axes
 + Level 0.8 Maces & Flails
 + Level 0.8 Polearms
 + Level 0.8 Staves
 + Level 0.8 Slings
 + Level 0.8 Bows
 + Level 0.8 Crossbows
 + Level 0.8 Throwing
 + Level 0.8 Armour
 + Level 0.8 Dodging
 + Level 2.4 Stealth
 + Level 2.6 Shields
 + Level 8.5 Unarmed Combat
 + Level 2.8 Spellcasting
 + Level 0.5 Conjurations
 + Level 0.5 Hexes
 + Level 0.5 Charms
 + Level 0.5 Summonings
 + Level 3.7 Necromancy
 + Level 0.5 Translocations
 + Level 0.5 Transmutations
 + Level 0.5 Fire Magic
 + Level 0.5 Ice Magic
 + Level 0.5 Air Magic
 + Level 0.5 Earth Magic
 + Level 0.5 Poison Magic
 + Level 1.0 Invocations
 + Level 2.6 Evocations


You had 7 spell levels left.
You didn't know any spells.

Dungeon Overview and Level Annotations

Branches:
Dungeon (2/15)

Altars:

Annotations:
D:2 Robin


Innate Abilities, Weirdness & Mutations

Your experience applies equally to all skills.
You have very sharp teeth.
Your uncanny sense of smell can sniff out nearby items.


Message History

The hobgoblin hits you from afar with a spear!
You feel better. The goblin hits you but does no damage.
The frilled lizard misses you. The hobgoblin hits you.
Robin hits you from afar with a spear. The goblin hits you.
The goblin hits you but does no damage. The hobgoblin completely misses you.
You closely miss the frilled lizard. Your bite misses the frilled lizard.
The goblin hits you. The frilled lizard bites you.
The hobgoblin barely misses you.
Robin says, "Bow before me, strongest of all the hobgoblins!"
The goblin closely misses you. The goblin hits you but does no damage.
The hobgoblin closely misses you.
You are confused.
You feel invigorated. The goblin hits you.
The frilled lizard bites you but does no damage.
The hobgoblin closely misses you. Robin hits you from afar with a spear.
* * * LOW HITPOINT WARNING * * *
The goblin hits you but does no damage. The goblin hits you with a dagger.
* * * LOW HITPOINT WARNING * * *
The hobgoblin hits you from afar with a spear.
You die...

##.[# ....
###...#### ....
#####.^.......
.....
#......##.####
.....
###.##.####.#
......###......#
#.#
)....g#...##.###
#.# #.ggg####.#
#.# #gl@g....#
#.## #..g#######
#..# #......
##.### ..###.#
#...# . .. ###.#
∆ .#. ∆ #.# ...
#.. ## . ##.
######.


You could see Robin, 2 hobgoblins, 4 goblins and a frilled lizard.

Vanquished Creatures
  A gnoll (D:1)
  A dart slug (D:1)
  2 leopard geckos (D:1)
  A giant cockroach (D:1)
  6 goblins
  4 hobgoblins
  3 kobolds (D:1)
  2 bats (D:1)
  2 frilled lizards
  A rat (D:1)
23 creatures vanquished.

Notes
Turn   | Place    | Note
-------+----------+-------------------------------------------
     0 | D:1      | wolfsongas the Gnoll Wanderer began the quest for the Orb.
     0 | D:1      | wolfsongas set off with: a ration, a potion of curing, a scroll of teleportation, a +0 robe, a +0 club
     0 | D:1      | Reached XP level 1. HP: 13/13 MP: 4/4
   145 | D:1      | Reached XP level 2. HP: 14/19 MP: 5/5
   367 | D:1      | Reached XP level 3. HP: 17/25 MP: 7/7
  1135 | D:2      | Noticed Robin
  1142 | D:2      | Reached skill level 1 in Invocations
  1148 | D:2      | HP: 1/25 [goblin/dagger (3)]
  1148 | D:2      | Slain by a hobgoblin

Vault maps used:
D:1:      minmay_arrival_solitary_statue
D:2:      old_standard_altar, first_ration, uniq_robin

Skill      XL: |  1  2  3 |
---------------+----------+-----
Invocations    | 1 |  1.0
Fighting       | |  0.8
Short Blades   | |  0.8
Long Blades    | |  0.8
Axes           | |  0.8
Maces & Flails | |  0.8
Polearms       | |  0.8
Staves         | |  0.8
Slings         | |  0.8
Bows           | |  0.8
Crossbows      | |  0.8
Throwing       | |  0.8
Armour         | |  0.8
Dodging        | |  0.8
Stealth        | |  2.4
Shields        | |  2.6
Unarmed Combat | |  8.5
Spellcasting   | |  2.8
Conjurations   | |  0.5
Hexes          | |  0.5
Charms         | |  0.5
Summonings     | |  0.5
Necromancy     | |  3.7
Translocations | |  0.5
Transmutations | |  0.5
Fire Magic     | |  0.5
Ice Magic      | |  0.5
Air Magic      | |  0.5
Earth Magic    | |  0.5
Poison Magic   | |  0.5
Evocations     | |  2.6

Action                   || total
-------------------------++-------
Melee: Unarmed           ||    57
       Bite              ||    10
       Punch             ||     3
  Use: Potion            ||     5
       Scroll            ||     3
 Stab: Sleeping          ||     1
Armor: Robe              ||    20
Dodge: Dodged            ||    47

Table legend:
 A = Spawn XP
 B = Non-spawn XP
 C = Spawn XP percentage of total XP
 D = Spawn monster count
 E = Non-spawn monster count
 F = Spawn count percentage of total count
 G = Total turns spent on level
                    A         B        C        D         E        F      G
               +---------+---------+-------+---------+---------+-------+---------
         Total |       0 |      57 |   0.0 |       0 |      23 |   0.0 |  1148
               +---------+---------+-------+---------+---------+-------+---------
           D:1 |       0 |      47 |   0.0 |       0 |      17 |   0.0 |  1099
           D:2 |       0 |      10 |   0.0 |       0 |       6 |   0.0 |    49
               +---------+---------+-------+---------+---------+-------+---------
